 Dungeon Crawl Stone Soup version 0.26-a0-1181-gd376ed14c5 (webtiles) character file.

Game seed: 4667410552701065249

1587 HoaS the Grappler (level 8, -2/61 HPs)
             Began as a Ghoul Gladiator on Dec 26, 2020.
             Slain by a bullfrog (5 damage)
             ... on level 5 of the Dungeon.
             The game lasted 00:11:31 (4667 turns).

HoaS the Grappler (Ghoul Gladiator)                 Turns: 4667, Time: 00:11:32

Health: -2/61      AC: 13    Str: 19    XL:     8   Next: 92%
Magic:  7/7        EV: 10    Int:  3    God:
Gold:   257        SH:  0    Dex: 11    Spells: 7/7 levels left

rFire    . . .     SeeInvis .     - Unarmed
rCold    + . .     Faith    .   (no shield)
rNeg     + + +     Spirit   .   u - +4 scale mail
rPois    ∞         Reflect  .   b - +2 helmet
rElec    .         Harm     .   (no cloak)
rCorr    .         Rampage  .   (no gloves)
Will     .....                  (no boots)
Stlth    ..........             r - amulet of the acrobat
HPRegen  0.00/turn              (no ring)
MPRegen  0.10/turn              (no ring)

@: no status effects
A: claws 1, cold resistance 1, negative energy resistance 3, inhibited
regeneration, torment resistance, unbreathing
a: no special abilities


You were on level 5 of the Dungeon.
You visited 1 branch of the dungeon, and saw 6 of its levels.

You collected 257 gold pieces.

Inventory:

Missiles
 c - 3 throwing nets (quivered)
Armour
 b - a +2 helmet (worn)
 u - a +4 scale mail (worn)
Jewellery
 r - an amulet of the acrobat (around neck)
Wands
 t - a wand of paralysis (7)
Scrolls
 i - 4 scrolls of remove curse
 j - 6 scrolls of teleportation
 k - a scroll of magic mapping
 n - a scroll of identify
Potions
 d - a potion of mutation {unknown}
 e - 3 potions of curing
 f - 2 potions of resistance
 g - 2 potions of might {unknown}
 h - a potion of cancellation {unknown}
 l - a potion of flight {unknown}
 m - a potion of magic {unknown}
 o - 2 potions of attraction {unknown}
 p - a potion of invisibility {unknown}
 q - a potion of ambrosia {unknown}


   Skills:
 + Level 2.3 Fighting
 - Level 1.7 Throwing
 + Level 0.2 Armour
 + Level 2.7 Dodging
 * Level 12.0 Unarmed Combat


You had 7 spell levels left.
You didn't know any spells.
Your spell library was empty.

Dungeon Overview and Level Annotations

Branches:
Dungeon (6/15)
 Temple: D:4-7

Altars:
Gozag
Yredelemnul

Shops:
D:5 (


Innate Abilities, Weirdness & Mutations

You thrive by killing the living.
You are immune to poison.
You have sharp fingernails.
Your flesh is cold resistant. (rC+)
You are immune to negative energy. (rN+++)
You do not regenerate when monsters are visible.
You are immune to unholy pain and torment.
You can survive without breathing.


Message History

The orc warrior hits you with a +0 glaive!!
* * * LOW HITPOINT WARNING * * *
The bullfrog completely misses you.
The orc wizard mumbles some strange words.
The orc wizard seems to speed up.
The orc wizard looks encouraged for a moment.
The bullfrog completely misses you. The bullfrog closely misses you.
The orc warrior completely misses you.
There is a stone staircase leading up here.
The bullfrog misses you.
The orc warrior hits you but does no damage.
You climb upwards.
Reactivating autopickup.
There is a stone staircase leading down here.
You feel better. The bullfrog hits you.
* * * LOW HITPOINT WARNING * * *
The orc warrior hits you with a +0 glaive!
* * * LOW HITPOINT WARNING * * *
The bullfrog hits you.
You die...

###### ######## #....# #.....@#
#....# #....Fo# #....# #......#
#>...#####......#######
#).......#............##########
#....#............###...........
#....######...........####......
#....# #.#####...............
#....# ##.# #####...........


You could see an orc warrior (berserk) and a bullfrog.

Vanquished Creatures
  Sigmund (D:4)
  An orc warrior (D:6)
  2 ogres (D:6)
  A phantom (D:5)
  An eye of draining (D:5)
  A water moccasin zombie (D:5)
  2 scorpions
  2 hounds
  5 orc priests
  A bullfrog skeleton (D:5)
  Jessica (D:3)
  Ijyb (D:4)
  7 orc wizards
  2 worker ants
  A hound zombie (D:5)
  A hound skeleton (D:4)
  7 gnolls
  9 adders
  A white imp (D:5)
  An ooze (D:1)
  An adder skeleton (D:5)
  2 worms
  6 leopard geckos
  21 orcs
  2 ball pythons (D:2)
  9 bats
  7 giant cockroaches
  9 goblins
  3 hobgoblins
  2 jackals (D:3)
  2 quokkas (D:3)
  7 frilled lizards
  8 kobolds (D:1)
  9 rats
136 creatures vanquished.

Vanquished Creatures (others)
  2 plants (D:6)
2 creatures vanquished.

Grand Total: 138 creatures vanquished

Notes
Turn   | Place    | Note
-------+----------+-------------------------------------------
     0 | D:1      | HoaS the Ghoul Gladiator began the quest for the Orb.
     0 | D:1      | Reached XP level 1. HP: 17/17 MP: 0/0
    95 | D:1      | Reached XP level 2. HP: 24/24 MP: 1/1
   121 | D:1      | Reached skill level 4 in Unarmed Combat
   473 | D:1      | Reached XP level 3. HP: 26/29 MP: 2/2
  1024 | D:2      | Reached skill level 5 in Unarmed Combat
  1263 | D:2      | Reached XP level 4. HP: 36/36 MP: 3/3
  2381 | D:2      | Found a basalt altar of Yredelemnul.
  2453 | D:3      | Noticed Jessica
  2458 | D:3      | Killed Jessica
  2459 | D:3      | Reached skill level 6 in Unarmed Combat
  2459 | D:3      | Reached XP level 5. HP: 41/41 MP: 4/4
  3074 | D:4      | Found an opulent altar of Gozag.
  3291 | D:4      | Noticed Ijyb
  3300 | D:4      | Reached skill level 7 in Unarmed Combat
  3300 | D:4      | Reached XP level 6. HP: 28/48 MP: 5/5
  3307 | D:4      | Paralysed by Ijyb for 3 turns
  3315 | D:4      | Killed Ijyb
  3593 | D:4      | Noticed Sigmund
  3618 | D:4      | Killed Sigmund
  3619 | D:4      | Reached skill level 8 in Unarmed Combat
  3619 | D:4      | Reached XP level 7. HP: 43/55 MP: 6/6
  3776 | D:5      | Entered Level 5 of the Dungeon
  3788 | D:4      | Reached skill level 9 in Unarmed Combat
  3889 | D:5      | Found Eloyck's Antique Weapon Shoppe.
  3997 | D:5      | Reached skill level 10 in Unarmed Combat
  3997 | D:5      | Reached XP level 8. HP: 53/61 MP: 7/7
  4138 | D:5      | Reached skill level 11 in Unarmed Combat
  4402 | D:6      | Reached skill level 12 in Unarmed Combat
  4658 | D:6      | HP: 3/61 [orc warrior/+0 glaive (19)]
  4667 | D:5      | HP: 3/61 [orc warrior/+0 glaive (7)]
  4667 | D:5      | Slain by a bullfrog

Illustrated notes

Levels and vault maps discovered:
D:1:      kennysheep_arrival_forest, layout_loops_corners, patterned_corridor
D:2:      layout_basic, lemuel_coloured_pillars_altar
D:3:      layout_rooms, serial_curves, eino_curves_01, eino_curves_03,
          uniq_jessica
D:4:      layout_loops_ring, kennysheep_little_box, feat_on_display, uniq_ijyb,
          uniq_sigmund
D:5:      layout_rooms, serial_shops, shop_fountains
D:6:      layout_basic, minmay_temple_entry_gardened_gates

Skill      XL: |  1  2  3  4  5  6  7  8 |
---------------+-------------------------+-----
Unarmed Combat | 4 5 6 7 8 10 12 | 12.0
Fighting       | |  2.3
Throwing       | |  1.7
Armour         | |  0.2
Dodging        | |  2.7

Action                   |  1- 3 |  4- 6 |  7- 9 || total
-------------------------+-------+-------+-------++-------
Melee: Unarmed           |   131 |   157 |   186 ||   474
       Punch             |     2 |     3 |     7 ||    12
  Use: Scroll            |     5 |     7 |     2 ||    14
       Potion            |       |       |     1 ||     1
Armor: Leather armour    |    36 |    15 |       ||    51
       Chain mail        |       |    54 |       ||    54
       Scale mail        |       |     1 |    85 ||    86
Dodge: Dodged            |    79 |    79 |   123 ||   281

Table legend: (Time is in decaauts)
 A = Elapsed time spent in this place.
 B = Non-inter-level travel time spent in this place.
 C = Inter-level travel time spent in this place.
 D = Time resting spent in this place.
 E = Time spent auto-exploring this place.
 F = Levels seen in this place.
 G = Mean time per level.
                   A        B        C        D        E       F      G
               +--------+--------+--------+--------+--------+-----+--------+
         Total |   4613 |   4343 |    270 |    914 |   2475 |   6 |  768.8 |
       Dungeon |   4613 |   4343 |    270 |    914 |   2475 |   6 |  768.8 |
               +--------+--------+--------+--------+--------+-----+--------+

Top non-repeatable levels by time:
     D:1: 1425 daAuts
     D:2: 1063 daAuts
     D:4: 653 daAuts
     D:3: 643 daAuts
     D:5: 507 daAuts
     D:6: 321 daAuts
